 Dungeon Crawl Stone Soup version 0.31-a0-983-g7b6862f502 (webtiles) character file.

Game seed: 18307108060422948158

53 Xavori the Trooper (level 4, 0/35 HPs)
             Began as a Djinni Chaos Knight on Nov 2, 2023.
             Was a Plaything of Xom.
             Slain by a bat (1 damage)
             ... on level 2 of the Dungeon.
             The game lasted 00:01:24 (6996 turns).

Xavori the Trooper (Djinni Chaos Knight)            Turns: 6996, Time: 00:01:24

Health: 0/35       AC:  5    Str: 11    XL:     4   Next: 11%
Gold:   274        EV: 12    Int: 12    God:    Xom [..*...] SH:  0 Dex: 14

rFire   + + .        a - +0 falchion (chaos)
rCold   x . .        (no shield)
rNeg    . . .        b - +2 leather armour
rPois   ∞            (no helmet)
rElec   .            (no cloak)
rCorr   .            (no gloves)
SInv    .            (boots unavailable)
Will    .....        (no amulet)
Stlth   +            (no ring)
HPRegen 0.25/turn    (no ring)
MPRegen 0.00/turn

%: infuse magic (-1 HP)
@: flying
A: sickness immunity, fire resistance 2, cold vulnerability 1, float, innate
caster, HP casting, extra vitality 1, dopey 1
a: Renounce Religion


You were on level 2 of the Dungeon.
You worshipped Xom.
You were a toy of Xom.
You visited 1 branch of the dungeon, and saw 2 of its levels.

You collected 274 gold pieces.

Inventory:

Hand Weapons
 a - a +0 falchion of chaos (weapon)
Armour
 b - a +2 leather armour (worn)
 j - a +0 cloak
Wands
 i - a wand of quicksilver (5)
Scrolls
 c - a scroll of butterflies
 d - 3 scrolls of identify {unknown}
 e - 2 scrolls of noise {unknown}
Potions
 f - a potion of brilliance {unknown}
 g - a potion of curing {unknown}
 h - 3 potions of heal wounds {unknown}


   Skills:
 + Level 3.3 Fighting
 + Level 3.0 Long Blades
 + Level 1.6 Armour
 + Level 2.6 Dodging
 * Level 1.0 Spellcasting
 * Level 1.0 Conjurations
 * Level 1.0 Hexes
   Level 0.0 Charms
 * Level 1.0 Summonings
 * Level 1.0 Necromancy
 * Level 1.0 Translocations
 * Level 1.0 Transmutations
 * Level 1.0 Fire Magic
 * Level 1.0 Ice Magic
 * Level 1.0 Air Magic
 * Level 1.0 Earth Magic
 * Level 1.0 Poison Magic
 + Level 0.2 Evocations


You knew the following spells:

 Your Spells              Type           Power      Damage    Failure   Level
a - Freeze                Ice            12%        1d3       26%         1
Your spell library was empty.

Dungeon Overview and Level Annotations

Branches:
Dungeon (2/15)

Altars:

Annotations:
D:2 Sigmund


Innate Abilities, Weirdness & Mutations

You are immune to sickness and miasma.
You are immune to poison.
Your flesh is very heat resistant. (rF++)
You are vulnerable to cold. (rC-)
You float through the air rather than walking.
You learn spells naturally, not from books.
Your magical power is your life essence.
You have superior vitality. (+4 MHP)
You are dopey. (Int -2)


Message History

The rat barely misses you. The adder misses you.
Unknown command.
You closely miss the adder.
The adder is heavily wounded.
The bat closely misses you. The adder bites you.
* * * LOW HITPOINT WARNING * * *
The bat hits you.
* * * LOW HITPOINT WARNING * * *
The rat closely misses you. The adder bites you.
* * * LOW HITPOINT WARNING * * *
You closely miss the adder.
The adder is heavily wounded.
The bat barely misses you. The adder barely misses you. The rat misses you.
The adder misses you.
You miss the adder.
The adder is severely wounded.
The bat hits you but does no damage. The adder misses you. The bat misses you.
The rat misses you. The adder barely misses you.
You hit the adder but do no damage.
The adder is severely wounded.
The adder is no longer berserk.
The adder closely misses you. The bat barely misses you.
The adder bites you but does no damage. The rat barely misses you.
Unknown command.
You barely miss the adder.
The adder is almost dead.
You kill the adder!
The bat closely misses you. The rat closely misses you. The rat bites you.
* * * LOW HITPOINT WARNING * * *
You have reached level 4!
You feel clever.
You barely miss the rat. You punch the rat, but do no damage. The bat hits you.
* * * LOW HITPOINT WARNING * * *
The rat bites you.
* * * LOW HITPOINT WARNING * * *
You hit the rat. You freeze the rat.
You kill the rat!
The bat hits you.
You die... "It's all fun and games until someone loses an eye."

########
#......# #.
#......#
..###
#......#
....)
#......#
#...
#......#
#...
#.†.†..#
#...
#..@b..#
+...
#......#
#...
#......#
#...
.........[#
#...
#.##.######
#... # #.
#... ..
...$... ...
......#.
...
...#.###


You could see a bat.

Vanquished Creatures
  2 adders (D:2)
  A gnoll (D:1)
  A dart slug (D:1)
  3 giant cockroaches
  2 goblins (D:1)
  4 hobgoblins
  2 jackals (D:2)
  2 ball pythons (D:1)
  4 bats (D:1)
  A frilled lizard (D:1)
  3 rats
25 creatures vanquished.

Notes
Turn   | Place    | Note
-------+----------+-------------------------------------------
     0 | D:1      | Xavori the Djinni Chaos Knight began the quest for the Orb.
     0 | D:1      | Reached XP level 1. HP: 20/20 MP: 0/0
   128 | D:1      | Reached XP level 2. HP: 22/25 MP: 0/0
   217 | D:1      | Reached XP level 3. HP: 12/30 MP: 0/0
   217 | D:1      | Learned a level 1 spell: Freeze
   308 | D:1      | XOM: divination: detect creatures
  1319 | D:1      | XOM: silly message
  1636 | D:1      | XOM: god gift: glowing mace {god gift}
  1953 | D:1      | XOM: god gift: 55 gold pieces
  2768 | D:1      | XOM: silly message
  4078 | D:1      | XOM: god gift: encrusted fluorescent wand {god gift}
  4227 | D:1      | XOM: god gift: 59 gold pieces
  4485 | D:1      | XOM is BORED!
  4752 | D:1      | XOM: silly message
  5381 | D:1      | XOM: silly message
  5965 | D:1      | XOM: give mutation
  5965 | D:1      | Gained mutation: You are dopey. (Int -2) [Xom's mischief]
  6127 | D:1      | XOM: divination: detect creatures
  6335 | D:1      | XOM: silly message
  6492 | D:1      | XOM: torment (16/30 hp)
  6619 | D:1      | XOM: summons 1 hostile demon
  6664 | D:2      | Found a faded altar of an unknown god.
  6918 | D:2      | Reached skill level 1 in Spellcasting
  6918 | D:2      | Reached skill level 1 in Conjurations
  6918 | D:2      | Reached skill level 1 in Hexes
  6918 | D:2      | Reached skill level 1 in Summonings
  6918 | D:2      | Reached skill level 1 in Necromancy
  6918 | D:2      | Reached skill level 1 in Translocations
  6918 | D:2      | Reached skill level 1 in Transmutations
  6918 | D:2      | Reached skill level 1 in Fire Magic
  6918 | D:2      | Reached skill level 1 in Ice Magic
  6918 | D:2      | Reached skill level 1 in Air Magic
  6918 | D:2      | Reached skill level 1 in Earth Magic
  6918 | D:2      | Reached skill level 1 in Poison Magic
  6924 | D:2      | Noticed Sigmund
  6965 | D:2      | XOM: confusion
  6973 | D:2      | XOM: 2-stop teleportation journey
  6981 | D:2      | XOM: noise
  6987 | D:2      | XOM: noise
  6995 | D:2      | Reached XP level 4. HP: 5/35 MP: 0/0
  6995 | D:2      | HP: 1/35 [rat (3)]
  6996 | D:2      | Slain by a bat

Illustrated notes

Levels and vault maps discovered:
D:1:      dpeg_arrival_shrine, layout_basic, dreamdust_wishing_well
D:2:      layout_basic, hellmonk_ecumenical_altar_dog_temple,
          nicolae_figureground_pulse, uniq_sigmund

Skill      XL: |  1  2  3 |
---------------+----------+-----
Long Blades    | 3 |  3.0
Spellcasting   | 1 |  1.0
Conjurations   | 1 |  1.0
Hexes          | 1 |  1.0
Summonings     | 1 |  1.0
Necromancy     | 1 |  1.0
Translocations | 1 |  1.0
Transmutations | 1 |  1.0
Fire Magic     | 1 |  1.0
Ice Magic      | 1 |  1.0
Air Magic      | 1 |  1.0
Earth Magic    | 1 |  1.0
Poison Magic   | 1 |  1.0
Fighting       | |  3.3
Armour         | |  1.6
Dodging        | |  2.6
Evocations     | |  0.2

Action                     |  1- 3 |  4- 6 || total
---------------------------+-------+-------++-------
  Melee: Falchion          |   112 |     2 ||   114
         Punch             |       |     1 ||     1
   Stab: Petrified         |     1 |       ||     1
 Armour: Leather armour    |   109 |     3 ||   112
  Dodge: Dodged            |   152 |       ||   152

Table legend: (Time is in decaauts)
 A = Elapsed time spent in this place.
 B = Non-inter-level travel time spent in this place.
 C = Inter-level travel time spent in this place.
 D = Time resting spent in this place.
 E = Time spent auto-exploring this place.
 F = Levels seen in this place.
 G = Mean time per level.
                   A        B        C        D        E       F      G
               +--------+--------+--------+--------+--------+-----+--------+
         Total |   7014 |   7007 |      7 |   6073 |    662 |   2 | 3507.0 |
       Dungeon |   7014 |   7007 |      7 |   6073 |    662 |   2 | 3507.0 |
               +--------+--------+--------+--------+--------+-----+--------+

Top non-repeatable levels by time:
     D:1: 6627 daAuts
     D:2: 387 daAuts
